 Dungeon Sprint DCSS version 0.31.0-32-g396128a36d (webtiles) character file.

Game seed: 1258042237468686500

381 Groucho the Digger (level 6, -1/28 HPs)
             Began as a Spriggan Earth Elementalist on Mar 15, 2024.
             Was a High Priest of Sif Muna.
             Killed from afar by a swamp dragon (13 damage)
             ... with a blast of poison
             ... in the Dungeon (Sprint VII: "The Pits").
             The game lasted 00:06:31 (1940 turns).

Groucho the Digger (Spriggan Earth Elementalist)    Turns: 1940, Time: 00:06:31

Health: -1/28      AC:  2    Str:  4    XL:     6   Next: 46%
Magic:  9/16       EV: 17    Int: 19    God:    Sif Muna [*****.]
Gold:   0          SH:  0    Dex: 15    Spells: 6/18 levels left

rFire   . . .        e - +2 dagger (elec)
rCold   . . .        (no shield)
rNeg    . . .        a - +0 robe
rPois   .            (helmet restricted)
rElec   .            (no cloak)
rCorr   .            (gloves unavailable)
SInv    +            (boots unavailable)
Will    +....        (no amulet)
Stlth   +++          (no ring)
HPRegen 0.24/turn    (no ring)
MPRegen 0.15/turn

%: no teleportation
@: lethally poisoned (-1 -> -27), very slightly contaminated, very quick
A: very small, no large weapons, unfitting armour, see invisible, speed 3
a: Renounce Religion, Channel Magic, Forget Spell, Divine Exegesis


You were in the Dungeon.
You worshipped Sif Muna.
Sif Muna was extremely pleased with you.
You visited 1 branch

Inventory:

Hand Weapons
 e - a +2 dagger of electrocution (weapon)
 h - a +2 dagger
Armour
 a - a +0 robe (worn)
Scrolls
 j - 2 scrolls of vulnerability
 k - 5 scrolls of amnesia
 l - a scroll of butterflies
Potions
 b - 4 potions of magic
 c - 5 potions of curing
 d - 4 potions of heal wounds
 f - 3 potions of berserk rage
 i - 2 potions of invisibility


   Skills:
 + Level 3.3 Short Blades
 - Level 2.6 Dodging
 + Level 5.8 Stealth
 + Level 6.7 Spellcasting
 * Level 5.6 Conjurations
 * Level 7.3 Earth Magic
 + Level 3.2 Alchemy
 + Level 4.8 Invocations


You had 6 spell levels left.
You knew the following spells:

 Your Spells              Type           Power      Damage    Failure   Level
a - Sandblast             Erth           68%        2d15      1%          1
b - Stone Arrow           Conj/Erth      62%        3d10      2%          3
c - Petrify               Alch/Erth      26%        N/A       12%         4
d - Brom's Barrelling Bo  Conj/Erth      31%        2d5       7%          4

Your spell library contained the following spells:

 Spells                   Type           Power      Damage    Failure   Level
 Passwall                 Erth           34%        N/A       1%          3


Dungeon Overview and Level Annotations

Branches:
Dungeon (1/1)

Altars:
Ashenzari
Cheibriados
Dithmenos
Elyvilon
Fedhas
Gozag
Hepliaklqana
Kikubaaqudgha
Makhleb
Nemelex Xobeh
Okawaru
Qazlal
Ru
Sif Muna
Trog
Uskayaw
Vehumet
Wu Jian
Xom
Yredelemnul
Zin
The Shining One
Jiyva
Lugonu


Innate Abilities, Weirdness & Mutations

You are very small and have problems with some larger weapons.
You are too small for most types of armour.
You have supernaturally acute eyesight. (SInv)
You cover ground extremely quickly. (Speed+++)


Message History

Press: ? - help, Shift-Dir - straight line, f - swamp dragon
Aim: a swamp dragon (moderately wounded, chance to affect: 39%)
You miscast Petrify.
You are very lightly contaminated with residual magic.
Rocks fall onto you out of nowhere.
The swamp dragon breathes poison at you.
The blast of poison engulfs you!
You are lethally poisoned!
* * * LOW HITPOINT WARNING * * *
Unknown command.
Unknown command.
Unknown command.
Unknown command.
Okay, then.
You feel much better.
You are engulfed in poison gas.
You are more poisoned.
You feel very sick.
Unknown command.
Unknown command.
Casting: Petrify (extremely dangerous; 12% risk of failure)
Confirm with . or Enter, or press ? or * to list all spells.
Aiming: Stone Arrow (dangerous; 2% risk of failure)
Press: ? - help, Shift-Dir - straight line, f/p - swamp dragon
Aim: a swamp dragon (poison gas, moderately wounded, catching its breath, 84% to hit)
The stone arrow hits the swamp dragon.
The swamp dragon is moderately wounded.
You are engulfed in poison gas.
You are more poisoned.
* * * LOW HITPOINT WARNING * * *
You feel extremely sick.
Unknown command.
Unknown command.
You feel much better.
You are engulfed in poison gas.
You are more poisoned.
You feel extremely sick.
You feel better.
You are engulfed in poison gas.
You are poisoned.
You feel very sick.
The swamp dragon breathes poison at you.
The blast of poison engulfs you!
You are lethally poisoned!
You die...

############
#_________.#
#_________.#
#_______...###########
##########'##.........
#..(.')))'.##......#..
##########○##.........
#.○)D@○°°°○.'.........
#)#####○#####......#..
#.#.....#[[##.........
#)#.....#.)#####'#####
#.###'###))##.......#
#.#)..÷.#))##.......#
#)#...÷.#..##.......#
#)####'##'###...<...#
#.#..÷.....##.......#


You could see a swamp dragon (catching breath).

Vanquished Creatures
  An orc warrior (D)
  A kobold brigand (D)
  A brain worm (D)
  A scorpion (D)
  A hound (D)
  An orc priest (D)
  An adder skeleton (D)
  A dart slug (D)
  7 orcs (D)
  A ball python (D)
  A bat skeleton (D)
  A giant cockroach (D)
  A hobgoblin (D)
  3 jackals (D)
  A kobold (D)
  A rat (D)
24 creatures vanquished.

Notes
Turn   | Place    | Note
-------+----------+-------------------------------------------
     0 | D        | Groucho the Spriggan Earth Elementalist began the quest for
                  | the Orb.
     0 | D        | Reached XP level 1. HP: 9/9 MP: 5/5
    18 | D        | Reached skill level 1 in Conjurations
    18 | D        | Reached skill level 3 in Earth Magic
   253 | D        | Found a bloodstained altar of Trog.
   253 | D        | Found a shimmering blue altar of Sif Muna.
   253 | D        | Found a viscous altar of Jiyva.
   253 | D        | Found a hazy altar of Hepliaklqana.
   253 | D        | Found an opulent altar of Gozag.
   254 | D        | Found a glowing golden altar of the Shining One.
   254 | D        | Found a glowing silver altar of Zin.
   254 | D        | Found a basalt altar of Yredelemnul.
   254 | D        | Found a shimmering altar of Xom.
   254 | D        | Found an ornate altar of the Wu Jian Council.
   254 | D        | Found a sacrificial altar of Ru.
   254 | D        | Found a stormy altar of Qazlal.
   254 | D        | Found an iron altar of Okawaru.
   254 | D        | Found a sparkling altar of Nemelex Xobeh.
   254 | D        | Found a burning altar of Makhleb.
   254 | D        | Found a blossoming altar of Fedhas.
   254 | D        | Found a white marble altar of Elyvilon.
   254 | D        | Found a shadowy altar of Dithmenos.
   254 | D        | Found a snail-covered altar of Cheibriados.
   255 | D        | Found a radiant altar of Vehumet.
   255 | D        | Found a corrupted altar of Lugonu.
   256 | D        | Found an ancient bone altar of Kikubaaqudgha.
   256 | D        | Found a hide-covered altar of Uskayaw.
   256 | D        | Found a broken altar of Ashenzari.
   257 | D        | Became a worshipper of Sif Muna the Loreminder
   267 | D        | Noticed a scorpion
   311 | D        | Killed a scorpion
   312 | D        | Reached skill level 4 in Earth Magic
   312 | D        | Reached XP level 2. HP: 13/13 MP: 1/8
   312 | D        | Reached XP level 3. HP: 16/16 MP: 1/10
   619 | D        | Learned a level 3 spell: Stone Arrow
   655 | D        | Reached * piety under Sif Muna
   781 | D        | Reached XP level 4. HP: 21/21 MP: 9/11
   783 | D        | Reached skill level 5 in Earth Magic
   783 | D        | Reached ** piety under Sif Muna
   786 | D        | Noticed a kobold brigand
   801 | D        | Killed a kobold brigand
   802 | D        | Reached skill level 5 in Spellcasting
   802 | D        | Reached skill level 6 in Earth Magic
   802 | D        | Reached XP level 5. HP: 24/24 MP: 4/14
  1024 | D        | Learned a level 4 spell: Petrify
  1036 | D        | Noticed an orc warrior
  1051 | D        | Reached *** piety under Sif Muna
  1180 | D        | Reached skill level 1 in Short Blades
  1180 | D        | Reached skill level 1 in Alchemy
  1297 | D        | Reached **** piety under Sif Muna
  1325 | D        | Killed an orc warrior
  1326 | D        | Reached skill level 5 in Conjurations
  1326 | D        | Reached XP level 6. HP: 28/28 MP: 2/16
  1492 | D        | Reached skill level 5 in Stealth
  1492 | D        | Reached skill level 7 in Earth Magic
  1567 | D        | Reached ***** piety under Sif Muna
  1748 | D        | Learned a level 4 spell: Brom's Barrelling Boulder
  1903 | D        | Noticed a swamp dragon
  1940 | D        | Killed from afar by a swamp dragon

Illustrated notes

Levels and vault maps discovered:
D:        pitsprint [storerooms_1, entrance_room_1, metal_vault_4, armoury_2,
          mini_pit_1, grid_room_1, main_hall_1, silver_pit, the_coven_3,
          the_vestibule_1, steel_vault_1, golden_pit, hallway_of_sentries,
          crystal_vault_4, iron_vault_3, final_vault]

Skill      XL: |  1  2  3  4  5  6 |
---------------+-------------------+-----
Spellcasting   | 4 5 6 |  6.7
Conjurations   | 3 4 5 |  5.6
Earth Magic    | 4 6 7 |  7.3
Invocations    | 2 3 4 |  4.8
Short Blades   | 2 3 |  3.3
Alchemy        | 2 3 |  3.2
Stealth        | 4 5 |  5.8
Dodging        | |  2.6

Action                     |  1- 3 |  4- 6 || total
---------------------------+-------+-------++-------
  Melee: Dagger            |       |     1 ||     1
   Cast: Sandblast         |    16 |    24 ||    40
         Stone Arrow       |       |    13 ||    13
    Use: Potion            |     2 |     3 ||     5
         Scroll            |       |     1 ||     1
   Stab: Sleeping          |       |     1 ||     1
 Armour: Robe              |     1 |     5 ||     6
  Dodge: Dodged            |     8 |     3 ||    11
